 Dungeon Sprint DCSS version 0.31-a0-75-g6fe912e8c5 (webtiles) character file.

Game seed: 13017194509296368801

1757 sircluck the Grappler (level 8, -1/92 HPs)
             Began as a Troll Berserker on May 23, 2023.
             Was an Elder of Trog.
             Shot with a bolt by a yaktaur captain (42 damage)
             ... in the Dungeon (Sprint II: "The Violet Keep of Menkaure").
             The game lasted 00:02:26 (543 turns).

sircluck the Grappler (Troll Berserker)              Turns: 543, Time: 00:02:26

Health: -1/92      AC:  4    Str: 26      XL:     8   Next: 79%
Magic:  6/6        EV: 12    Int:  1 (3)  God:    Trog [****..]
Gold:   162        SH:  0    Dex:  9      Spells: 7/7 levels left

rFire   . .          .
                       - Unarmed
rCold   . . .        (no shield)
rNeg    . . .        a - +0 animal skin
rPois   .            (helmet restricted)
rElec   .            (no cloak)
rCorr   .            (gloves unavailable)
SInv    .            (boots unavailable)
Will    .....        (no amulet)
Stlth   +            (no ring)
HPRegen 1.15/turn    (no ring)
MPRegen 0.10/turn

%: no teleportation
@: no status effects
A: large, unfitting armour, claws 3, regeneration 1, shaggy fur 1, tough skin 1,
low MP 1, weak 1
a: Renounce Religion, Berserk, Trog's Hand, Brothers in Arms


You were in the Dungeon.
You worshipped Trog.
Trog was greatly pleased with you.
You visited 1 branch You collected 972 gold pieces.
You spent 810 gold pieces at shops.

Inventory:

Missiles
 h - 2 stones (quivered)
Armour
 a - a +0 animal skin (worn)
Jewellery
 i - a ring of flight
 j - a +6 ring of strength
Scrolls
 g - a scroll of blinking
 k - a scroll of magic mapping
Potions
 b - a potion of curing
 c - a potion of heal wounds
 d - a potion of haste
 e - 2 potions of magic
 f - a potion of berserk rage


   Skills:
 + Level 9.5 Fighting
 + Level 9.3 Dodging
 + Level 13.1 Unarmed Combat


You had 7 spell levels left.
You didn't know any spells.
Your spell library was empty.

Dungeon Overview and Level Annotations

Branches:
Dungeon (1/1)

Altars:

Shops:
D ?[:!(((([:==*!*

Annotations:
D exclusions: ice statue and oklob plant, Kirke


Innate Abilities, Weirdness & Mutations

You are too large for most types of armour.
You have claws for hands.
Your natural rate of healing is unusually fast.
You are covered in fur. (AC +1)
You have tough skin. (AC +1)
Your magical capacity is low. (-10% MP)
You are weak. (Str -2)


Message History

There is an entrance to Nexoy's Antique Armour Shoppe here.
There is an entrance to Yfaxaul's Assorted Antiques here.
There is an entrance to Bamibil's Distillery here.
There is an entrance to Jugg's General Store here.
There is an entrance to Kised's Jewellery Emporium here.
i - a ring of flight Thank you for shopping at Kised's Jewellery Emporium!
There is an entrance to Hafeawn's Jewellery Emporium here.
j - a +6 ring of strength Thank you for shopping at Hafeawn's Jewellery Emporium!
There is an entrance to Pyinnioq's Book Shoppe here.
There is an entrance to Baehac's Antique Armour Shoppe here.
There is an entrance to Noyquokuym's Weapon Shoppe here.
There is an entrance to Yheasch's Antique Weapon Shoppe here.
There is an entrance to Vulos's Antique Weapon Shoppe here.
There is an entrance to Nexoy's Antique Armour Shoppe here.
There is an entrance to Qapaeg's Magic Scroll Emporium here.
k - a scroll of magic mapping Thank you for shopping at Qapaeg's Magic Scroll Emporium!
There is an entrance to Jemor's Distillery here.
There is an entrance to Cogocit's Antique Weapon Emporium here.
There is an entrance to Baehac's Antique Armour Shoppe here.
There is an entrance to Kised's Jewellery Emporium here.
There is an entrance to Jugg's General Store here.
There is an entrance to Yfaxaul's Assorted Antiques here.
There is an open door here.
You enter the shallow water.
A centaur warrior, Kirke and a yaktaur captain come into view.
The centaur warrior shouts!
Kirke shouts!
The yaktaur captain shouts!
The yaktaur captain wields a +0 arbalest.
The yaktaur captain shoots a bolt.
The bolt hits you!
Kirke moves out of view.
You hear a shout!
A skeletal warrior comes into view. It is wielding a +0 battleaxe.
Unknown command.
You enter the shallow water.
The skeletal warrior moves out of view.
The yaktaur captain shoots a bolt.
The bolt closely misses you.
The yaktaur captain shoots a bolt.
The bolt hits you!!!
Ouch! That really hurt!
The yaktaur captain shoots a bolt.
The bolt hits you!!!
You die...

..~## ≈≈S≈≈
############c~#+++#+++##
###########~~~.........#
##........#~~~~.##'##..#
##....⌠...#~~~~##...##.####
##...∩.∩..#~~~~#..#..#....#
##....∩.∩.#~~####.).####..##
##.∩.∩.∩.∩#~##.###'###.##..#
##∩.∩...∩.#@#...##.##...#..#
##.∩.....∩'~'##†'.<.'###'..#
##∩.......#~#†####.##..÷#...
#▓▓▓▓▓▓▓###~##.###'###.##...
##)HH######~~####...####~~..
#)FH#Z. ##~~~#..##.#~~~~~~
#∩P$+.[#+ #'#~####.##~~~~~~
#/.!#[##§##.#~~##+##~~~≈≈≈~
#$$.###≈≈≈####~~~~~~~~~~≈≈§


You could see a yaktaur captain and 2 manticores.

Vanquished Creatures
  A boulder beetle (D)
  A merfolk siren (D)
  A blink frog (D)
  4 neqoxecs (D)
  Menkaure (D)
  A water moccasin (D)
  3 worms (D)
12 creatures vanquished.

Notes
Turn   | Place    | Note
-------+----------+-------------------------------------------
     0 | D        | sircluck the Troll Berserker began the quest for the Orb.
     0 | D        | Reached XP level 1. HP: 22/22 MP: 0/0
     1 | D        | Noticed a merfolk siren
    18 | D        | Killed a merfolk siren
    19 | D        | Reached skill level 8 in Unarmed Combat
    19 | D        | Reached XP level 2. HP: 21/37 MP: 1/1
    19 | D        | Reached XP level 3. HP: 25/45 MP: 2/2
    19 | D        | Reached XP level 4. HP: 30/53 MP: 3/3
    19 | D        | Reached XP level 5. HP: 35/61 MP: 4/4
    19 | D        | Reached XP level 6. HP: 39/68 MP: 5/5
    27 | D        | Noticed Menkaure
    30 | D        | Killed Menkaure
    30 | D        | Reached ** piety under Trog
    31 | D        | Reached skill level 9 in Unarmed Combat
    31 | D        | Found Bamibil's Distillery.
    31 | D        | Found Yfaxaul's Assorted Antiques.
    32 | D        | Found Hafeawn's Jewellery Emporium.
    32 | D        | Found Jugg's General Store.
    34 | D        | Found Pyinnioq's Book Shoppe.
    34 | D        | Found Kised's Jewellery Emporium.
    35 | D        | Found Baehac's Antique Armour Shoppe.
    37 | D        | Found Cogocit's Antique Weapon Emporium.
    37 | D        | Found Noyquokuym's Weapon Shoppe.
    39 | D        | Found Yheasch's Antique Weapon Shoppe.
    40 | D        | Noticed a manticore
    51 | D        | Noticed a blink frog
    66 | D        | Killed a blink frog
    67 | D        | Reached skill level 10 in Unarmed Combat
    67 | D        | Reached XP level 7. HP: 44/79 MP: 6/6
    72 | D        | Noticed an ice statue
    96 | D        | Noticed a boulder beetle
    96 | D        | Noticed a boulder beetle
   109 | D        | Killed a boulder beetle
   110 | D        | Reached skill level 12 in Unarmed Combat
   110 | D        | Reached XP level 8. HP: 9/91 MP: 7/7
   254 | D        | Reached *** piety under Trog
   311 | D        | Lost intelligence.
   313 | D        | Gained mutation: You are weak. (Str -2) [a neqoxec]
   316 | D        | Gained mutation: Your magical capacity is low. (-10% MP) [a
                  | neqoxec]
   327 | D        | Reached **** piety under Trog
   328 | D        | Reached skill level 13 in Unarmed Combat
   494 | D        | Found Vulos's Antique Weapon Shoppe.
   494 | D        | Found Jemor's Distillery.
   494 | D        | Noticed a manticore
   494 | D        | Noticed a manticore
   494 | D        | Noticed an oklob plant
   495 | D        | Found Nexoy's Antique Armour Shoppe.
   495 | D        | Found Qapaeg's Magic Scroll Emporium.
   495 | D        | Found Qaseolie's Book Shoppe.
   496 | D        | Noticed a cane toad
   496 | D        | Noticed a cane toad
   516 | D        | Bought a ring of flight for 245 gold pieces
   517 | D        | Bought a +6 ring of strength for 468 gold pieces
   525 | D        | Bought a scroll of magic mapping for 97 gold pieces
   538 | D        | Noticed a centaur warrior
   538 | D        | Noticed Kirke
   538 | D        | Noticed a yaktaur captain
   539 | D        | Noticed a skeletal warrior
   543 | D        | Shot with a bolt by a yaktaur captain

Illustrated notes

Levels and vault maps discovered:
D:        the_violet_keep_of_menkaure [sprint2_stairs_cluster_1,
          sprint2_shoproom, sprint2_temple, sprint2_basic_supplies,
          sprint2_obstacle_2, sprint2_obstacle_1, sprint2_obstacle_7,
          sprint2_obstacle_5, sprint2_obstacle_4, sprint2_timed_cluster_1,
          sprint2_smallroom_cluster_1, sprint2_smallroom_final_cluster_1,
          sprint2_transparent_cluster_1, sprint2_second_timed_cluster_1,
          sprint2_sniper_area_1, sprint2_heavy_combat_area_1,
          sprint2_mutation_trap_area_1, sprint2_forest_area_1,
          sprint2_light_combat_area_1, sprint2_behind_water_1,
          sprint2_near_end_vault_1]

Skill      XL: |  1  2  3  4  5  6  7  8 |
---------------+-------------------------+-----
Fighting       | 6 7 8 9 |  9.5
Dodging        | 6 7 8 9 |  9.3
Unarmed Combat | 8 10 12 13 | 13.1

Action                     |  1- 3 |  4- 6 |  7- 9 || total
---------------------------+-------+-------+-------++-------
  Melee: Unarmed           |    16 |    10 |    46 ||    72
         Punch             |       |     1 |     1 ||     2
 Invoke: Berserk           |       |       |     3 ||     3
 Armour: Animal skin       |       |     1 |     4 ||     5
  Dodge: Dodged            |       |     5 |    13 ||    18

Table legend: (Time is in decaauts)
 A = Elapsed time spent in this place.
 B = Non-inter-level travel time spent in this place.
 C = Inter-level travel time spent in this place.
 D = Time resting spent in this place.
 E = Time spent auto-exploring this place.
 F = Levels seen in this place.
 G = Mean time per level.
                   A        B        C        D        E       F      G
               +--------+--------+--------+--------+--------+-----+--------+
         Total |    566 |    541 |     25 |    319 |     25 |   1 |  566.0 |
       Dungeon |    566 |    541 |     25 |    319 |     25 |   1 |  566.0 |
               +--------+--------+--------+--------+--------+-----+--------+

Top non-repeatable levels by time:
       D: 566 daAuts
